 Dungeon Crawl Stone Soup version 0.31-a0-4-gefa6de2278 (webtiles) character file.

Game seed: 17793987154254033182

1146 ders the Geomancer (level 8, -2/41 HPs)
             Began as a Gargoyle Earth Elementalist on May 5, 2023.
             Constricted to death by Maggie (4 damage)
             ... on level 6 of the Dungeon.
             The game lasted 00:05:21 (6296 turns).

ders the Geomancer (Gargoyle Earth Elementalist)    Turns: 6296, Time: 00:05:22

Health: -2/41      AC:  8    Str: 18    XL:     8   Next: 38%
Magic:  1/17       EV:  8    Int: 18    God:
Gold:   280        SH:  0    Dex: 10    Spells: 16/20 levels left

rFire   . . .        o - +0 short sword (flame)
rCold   . . .        (no shield)
rNeg    + . .        a - +0 robe
rPois   ∞            (no helmet)
rElec   +            (no cloak)
rCorr   .            i - +0 pair of gloves
SInv    .            (no boots)
Will    .....        (no amulet)
Stlth   ++           d - +6 ring of strength
HPRegen 0.26/turn    (no ring)
MPRegen 0.15/turn

%: no passive effects
@: grasped by roots, constricted
A: sickness immunity, AC +5, negative energy resistance 1, electricity
resistance, torment resistance 1, petrification resistance
a: no special abilities


You were on level 6 of the Dungeon.
You visited 2 branches of the dungeon, and saw 7 of its levels.

You collected 280 gold pieces.

Inventory:

Hand Weapons
 o - a +0 short sword of flaming (weapon)
Armour
 a - a +0 robe (worn)
 i - a +0 pair of gloves (worn)
Jewellery
 d - a +6 ring of strength (left hand)
 j - a ring of ice
 x - an amulet of guardian spirit
 y - a +4 ring of protection
Wands
 z - a wand of flame (25)
Scrolls
 h - 3 scrolls of vulnerability
 k - 2 scrolls of fear
 m - 2 scrolls of enchant weapon
 n - a scroll of fog
 p - 2 scrolls of enchant armour {unknown}
 q - 5 scrolls of identify
 u - a scroll of teleportation {unknown}
 v - a scroll of immolation {unknown}
 w - a scroll of blinking {unknown}
 A - a scroll of torment {unknown}
Potions
 b - 2 potions of magic
 c - 2 potions of degeneration
 e - 5 potions of curing {unknown}
 f - 2 potions of resistance {unknown}
 g - 2 potions of attraction {unknown}
 l - 4 potions of heal wounds {unknown}
 r - a potion of haste {unknown}
 s - 2 potions of lignification {unknown}
 t - 4 potions of brilliance {unknown}


   Skills:
 - Level 1.5 Dodging
 - Level 2.1 Stealth
 + Level 6.5 Spellcasting
 - Level 0.7 Transmutations
 + Level 9.0 Earth Magic


You had 16 spell levels left.
You knew the following spells:

 Your Spells              Type           Power      Damage    Failure   Level
a - Sandblast             Erth           76%        2d16      1%          1
b - Stone Arrow           Conj/Erth      44%        3d9       5%          3

Your spell library contained the following spells:

 Spells                   Type           Power      Damage    Failure   Level
 Passwall                 Tmut/Erth      19%        N/A       2%          2
 Magic Dart               Conj           20%        1d4       12%         1
 Necrotise                Necr           20%        1d5       12%         1
 Petrify                  Tmut/Erth      23%        N/A       16%         4
 Call Imp                 Summ           10%        N/A       17%         2
 Ensorcelled Hibernation  Hex/Ice        10%        N/A       17%         2
 Mephitic Cloud           Conj/Pois/Air  5%         N/A       34%         3
 Swiftness                Air            5%         N/A       34%         3
 Vampiric Draining        Necr           5%         2d6       34%         3
 Agony                    Necr           5%         N/A       97%         5


Dungeon Overview and Level Annotations

Branches:
Dungeon (6/15)             Temple (1/1) D:5

Altars:
Ashenzari
Cheibriados
Elyvilon
Fedhas
Gozag
Hepliaklqana
Makhleb
Nemelex Xobeh
Okawaru
Sif Muna
Trog
Uskayaw
Wu Jian
Xom
Yredelemnul

Annotations:
D:4 1 runed translucent door, bobo's ghost, amateur DjCj
D:6 Maggie


Innate Abilities, Weirdness & Mutations

You are immune to sickness and miasma.
Your stone body is resilient. (AC +5)
You are immune to poison.
You resist negative energy. (rN+)
You are resistant to electric shocks. (rElec)
You are resistant to unholy torment.
You are immune to petrification.


Message History

Ouch! That really hurt!
Unknown command.
Casting: Stone Arrow (dangerous; 5% risk of failure)
Confirm with . or Enter, or press ? or * to list all spells.
Aiming: Stone Arrow (dangerous; 5% risk of failure)
Press: ? - help, Shift-Dir - straight line, f/p - Maggie
Aim: Maggie, wielding a +0 scimitar, wearing +0 steam dragon scales and carrying a wand of roots (6) (heavily wounded, 71% to hit)
The stone arrow misses Maggie.
Unknown command.
Casting: Stone Arrow (dangerous; 5% risk of failure)
Confirm with . or Enter, or press ? or * to list all spells.
You don't have enough magic to cast this spell.
Casting: Stone Arrow (dangerous; 5% risk of failure)
Confirm with . or Enter, or press ? or * to list all spells.
Aiming: Sandblast (safe; 1% risk of failure)
Press: ? - help, Shift-Dir - straight line, f/p - Maggie
Aim: Maggie, wielding a +0 scimitar, wearing +0 steam dragon scales and carrying a wand of roots (6) (moderately wounded, 84% to hit)
The blast of sand hits Maggie.
Maggie is heavily wounded.
Maggie zaps a wand.
The roots erupt in riotous growth!
The grasping roots grab you!
Maggie is unaffected.
The grasping roots constrict you.
You hear an angry hiss.
Unknown command.
Casting: Sandblast (safe; 1% risk of failure)
Confirm with . or Enter, or press ? or * to list all spells.
Aiming: Sandblast (safe; 1% risk of failure)
Press: ? - help, Shift-Dir - straight line, f/p - Maggie
Aim: Maggie, wielding a +0 scimitar, wearing +0 steam dragon scales and carrying a wand of roots (5) (heavily wounded, 84% to hit)
The blast of sand hits Maggie.
Maggie is heavily wounded.
Maggie smiles, but it's obviously fake.
Maggie hits you with a +0 scimitar.
* * * LOW HITPOINT WARNING * * *
The grasping roots constrict you.
* * * LOW HITPOINT WARNING * * *
Maggie hits you with a +0 scimitar!
* * * LOW HITPOINT WARNING * * *
The grasping roots constrict you.
You die...

..
#####........##.#
.# #.#####.....#
...
###.###########
###.###......#
.............#
........#.##.#
........#.##.#
........#....#
......@@.....#
.............#
.......#####.#
####### #.# #.#
#.# .#


You could see Maggie.

Vanquished Creatures
  A black bear (D:5)
  An ogre (D:5)
  4 scorpions (D:5)
  2 jellies (D:5)
  3 orc priests
  5 hounds
  Jessica (D:3)
  An iguana (D:4)
  2 orc wizards
  10 gnolls
  10 adders
  A white imp (D:6)
  2 ufetubi
  2 worms
  3 dart slugs
  16 orcs
  6 bats
  5 endoplasms
  4 giant cockroaches
  12 goblins
  6 hobgoblins
  11 jackals
  9 kobolds
  3 quokkas
  8 ball pythons
  2 frilled lizards
  9 rats
139 creatures vanquished.

Notes
Turn   | Place    | Note
-------+----------+-------------------------------------------
     0 | D:1      | ders the Gargoyle Earth Elementalist began the quest for
                  | the Orb.
     0 | D:1      | Reached XP level 1. HP: 10/10 MP: 3/3
   132 | D:1      | Reached skill level 4 in Earth Magic
   132 | D:1      | Reached XP level 2. HP: 15/15 MP: 3/5
  1008 | D:1      | Reached XP level 3. HP: 19/19 MP: 2/6
  1133 | D:2      | Learned a level 3 spell: Stone Arrow
  1137 | D:2      | Found a shimmering altar of Xom.
  1955 | D:2      | Reached XP level 4. HP: 24/24 MP: 6/8
  2119 | D:3      | Reached skill level 5 in Earth Magic
  2267 | D:3      | Reached XP level 5. HP: 25/28 MP: 5/10
  2600 | D:3      | Noticed Jessica
  2602 | D:3      | Killed Jessica
  2603 | D:3      | Reached skill level 6 in Earth Magic
  2767 | D:3      | Found a glowing drain.
  2786 | D:3      | Reached XP level 6. HP: 31/32 MP: 3/12
  3101 | D:4      | Noticed bobo's ghost (amateur DjCj)
  3315 | D:4      | Found a runed translucent door.
  4179 | D:4      | Reached skill level 7 in Earth Magic
  4179 | D:4      | Reached XP level 7. HP: 16/36 MP: 7/14
  4371 | D:5      | Entered Level 5 of the Dungeon
  4393 | D:5      | Reached skill level 5 in Spellcasting
  4688 | D:5      | Reached skill level 8 in Earth Magic
  4815 | D:5      | Found a staircase to the Ecumenical Temple.
  4819 | D:5      | Reached XP level 8. HP: 41/41 MP: 6/16
  4824 | Temple   | Entered the Ecumenical Temple
  4824 | Temple   | Found a transporter.
  4824 | Temple   | Found a transporter.
  4884 | Temple   | Found a transporter.
  4884 | Temple   | Found a transporter.
  6158 | D:6      | Reached skill level 9 in Earth Magic
  6288 | D:6      | Noticed Maggie
  6296 | D:6      | HP: 2/41 [Maggie/+0 scimitar (7)]
  6296 | D:6      | Constricted to death by Maggie

Illustrated notes

Levels and vault maps discovered:
D:1:      elethiomel_arrival_infinity_welcomes_careful_drivers, layout_basic,
          roderic_malta_cross
D:2:      layout_basic, basic_altar
D:3:      layout_loops_ring, portal_sewer_entry_a, minmay_three_crescents,
          uniq_jessica
D:4:      layout_cave_pods, hellmonk_ghost_happy_afterlife
D:5:      layout_basic, minmay_temple_entry_fiery, minivault_5
D:6:      layout_loops_cross, uniq_maggie, uniq_eustachio
Temple:   hellmonk_temple_divided_pantheon

Skill      XL: |  1  2  3  4  5  6  7  8 |
---------------+-------------------------+-----
Earth Magic    | 4 5 6 7 8 9 |  9.0
Spellcasting   | 3 4 5 6 |  6.5
Dodging        | |  1.5
Stealth        | |  2.1
Transmutations | |  0.7

Action                     |  1- 3 |  4- 6 |  7- 9 || total
---------------------------+-------+-------+-------++-------
  Melee: Unarmed           |     1 |       |       ||     1
         Short sword       |       |     4 |     4 ||     8
   Cast: Sandblast         |    47 |   117 |    29 ||   193
         Stone Arrow       |       |       |    22 ||    22
    Use: Scroll            |       |     5 |       ||     5
 Armour: Robe              |     8 |    37 |     7 ||    52
  Dodge: Dodged            |    11 |    73 |     6 ||    90

Table legend: (Time is in decaauts)
 A = Elapsed time spent in this place.
 B = Non-inter-level travel time spent in this place.
 C = Inter-level travel time spent in this place.
 D = Time resting spent in this place.
 E = Time spent auto-exploring this place.
 F = Levels seen in this place.
 G = Mean time per level.
                   A        B        C        D        E       F      G
               +--------+--------+--------+--------+--------+-----+--------+
         Total |   6392 |   6175 |    217 |    212 |   5258 |   7 |  913.1 |
       Dungeon |   6297 |   6087 |    210 |    212 |   5194 |   6 | 1049.5 |
        Temple |     94 |     87 |      7 |      0 |     64 |   1 |   94.0 |
               +--------+--------+--------+--------+--------+-----+--------+

Top non-repeatable levels by time:
     D:5: 1674 daAuts
     D:4: 1302 daAuts
     D:2: 1126 daAuts
     D:1: 1088 daAuts
     D:3: 937 daAuts
     D:6: 168 daAuts
  Temple: 94 daAuts
